 Dungeon Crawl Stone Soup version 0.29-a0-409-gd843f3a48c (webtiles) character file.

Game seed: 17142563154944388037

49 YayAnonymity the Chopper (level 3, -2/31 HPs)
             Began as a Hill Orc Fighter on May 14, 2022.
             Slain by an adder (3 damage)
             ... on level 2 of the Dungeon.
             The game lasted 00:01:52 (750 turns).

YayAnonymity the Chopper (Hill Orc Fighter)          Turns: 750, Time: 00:01:53

Health: -2/31      AC:  9    Str: 20    XL:     3   Next: 75%
Magic:  3/3        EV:  7    Int:  8    God:
Gold:   64         SH:  5    Dex: 16    Spells: 2/2 levels left

rFire   . . .      SeeInvis .   a - +0 war axe
rCold   . . .      Faith    .   c - +0 buckler
rNeg    . . .      Spirit   .   p - +0 chain mail
rPois   .          Reflect  .   (no helmet)
rElec   .          Harm     .   (no cloak)
rCorr   .          Rampage  .   (no gloves)
Will    +....                   (no boots)
Stlth   ..........              (no amulet)
HPRegen 0.10/turn               l - ring of willpower
MPRegen 0.08/turn               m - +6 ring of dexterity

@: lethally poisoned (-2 -> -3)
A: no striking features
a: no special abilities


You were on level 2 of the Dungeon.
You visited 1 branch of the dungeon, and saw 2 of its levels.

You collected 64 gold pieces.

Inventory:

Hand Weapons
 a - a +0 war axe (weapon)
Missiles
 g - 6 boomerangs (quivered)
 i - 6 curare-tipped darts
Armour
 c - a +0 buckler (worn)
 p - a +0 chain mail (worn)
Jewellery
 l - a ring of willpower (left hand)
 m - a +6 ring of dexterity (right hand)
Scrolls
 e - a scroll of summoning {unknown}
 f - a scroll of teleportation {unknown}
 k - a scroll of magic mapping {unknown}
 n - a scroll of brand weapon {unknown}
 o - a scroll of vulnerability {unknown}
Potions
 d - a potion of might


   Skills:
 - Level 3.6 Fighting
 + Level 4.6 Axes
 - Level 3.2 Armour
 - Level 4.0 Shields


You had 2 spell levels left.
You didn't know any spells.
Your spell library was empty.

Dungeon Overview and Level Annotations

Branches:
Dungeon (2/15)

Altars:

Shops:
D:2 [=(


Message History

You are too injured to fight recklessly!
You barely miss Jessica. You barely miss the adder.
Jessica hits you with a +0 dagger. You block the adder's attack.
Jessica hits you but does no damage. The adder barely misses you.
You slash Jessica!
Jessica is almost dead.
You barely miss the adder. You block Jessica's attack.
You block the adder's attack.
Jessica gestures wildly.
Jessica hits you with a +0 dagger.
* * * LOW HITPOINT WARNING * * *
The adder bites you but does no damage.
You slash Jessica!
You kill Jessica!
You closely miss the adder. You hit the kobold.
You kill the kobold!
The adder closely misses you.
Training target 4.0 for Shields reached!
Your Axes skill increases to level 4!
Your Shields skill increases to level 4!
You have reached level 3!
Your experience leads to an increase in your attributes!
Your base attributes are Str 18, Int 8, Dex 10.
Increase (S)trength, (I)ntelligence, or (D)exterity?
You feel stronger. x2
You closely miss the adder. You block the adder's attack. The adder bites you.
* * * LOW HITPOINT WARNING * * *
You are lethally poisoned!
The adder poisons you!
You hit the adder but do no damage.
* * * LOW HITPOINT WARNING * * *
You feel sick. The adder completely misses you.
The adder bites you but does no damage.
It was a potion of cancellation.
You feel magically purged.
* * * LOW HITPOINT WARNING * * *
You feel sick. The adder barely misses you.
It was a potion of magic.
Magic courses through your body.
* * * LOW HITPOINT WARNING * * *
You feel sick. The adder bites you.
You die...

..>...............>..
...............#..†##
##.####.########.....
#..###.##########.#.
# #8.#.......... ..##
.#.##<.#..........
..<
...8.∩.8..........
...##
..................
...#
.....8S@##.######.
......))##...
.........#....
.......#.#.....#
....... .......#
....... ... ....
....... ... .......
..>.


You could see an adder.

Vanquished Creatures
  Jessica (D:2)
  An adder (D:2)
  3 endoplasms
  A hobgoblin (D:1)
  2 jackals (D:1)
  A kobold (D:2)
  3 bats (D:1)
  3 rats (D:1)
15 creatures vanquished.

Notes
Turn   | Place    | Note
-------+----------+-------------------------------------------
     0 | D:1      | YayAnonymity the Hill Orc Fighter began the quest for the
                  | Orb.
     0 | D:1      | Reached XP level 1. HP: 19/19 MP: 1/1
   399 | D:1      | Reached XP level 2. HP: 20/26 MP: 2/2
   692 | D:2      | Found Hizinycw's Jewellery Boutique.
   702 | D:2      | Found Jilaev's Weapon Emporium.
   737 | D:2      | Found Koumn's Armour Shop.
   738 | D:2      | Noticed Jessica
   746 | D:2      | Killed Jessica
   747 | D:2      | Reached XP level 3. HP: 6/31 MP: 3/3
   750 | D:2      | HP: 1/31 [poisoned by an adder]
   750 | D:2      | Slain by an adder

Illustrated notes

Levels and vault maps discovered:
D:1:      ebering_hopf_link, layout_basic, serial_corexii_hall,
          corexii_hall_statues_deadend, chequers_hall_statues_wall_a
D:2:      layout_basic, serial_shops, nicolae_shop_statue_plus,
          nicolae_lakefront_shop, nicolae_shop_temple_entry_statues_fountains,
          nicolae_shop_waterfront, shop, shapermc_ecumenical_altar_totnotflames,
          uniq_jessica

Skill      XL: |  1  2 |
---------------+-------+-----
Axes           | 3 4 |  4.6
Shields        | 4 |  4.0
Fighting       | |  3.6
Armour         | |  3.2

Action                   || total
-------------------------++-------
Melee: War axe           ||    60
  Use: Potion            ||     2
Armor: Scale mail        ||    35
       Chain mail        ||     9
Dodge: Dodged            ||    41
Block: Buckler           ||    20

Table legend: (Time is in decaauts)
 A = Elapsed time spent in this place.
 B = Non-inter-level travel time spent in this place.
 C = Inter-level travel time spent in this place.
 D = Time resting spent in this place.
 E = Time spent auto-exploring this place.
 F = Levels seen in this place.
 G = Mean time per level.
                   A        B        C        D        E       F      G
               +--------+--------+--------+--------+--------+-----+--------+
         Total |    773 |    745 |     28 |      0 |    527 |   2 |  386.5 |
       Dungeon |    773 |    745 |     28 |      0 |    527 |   2 |  386.5 |
               +--------+--------+--------+--------+--------+-----+--------+

Top non-repeatable levels by time:
     D:1: 673 daAuts
     D:2: 100 daAuts
